 Dungeon Crawl Stone Soup version 0.18-a0-1343-g48c8f86 (webtiles) character file.

105 M4edhros the Insei (level 4, -1/35 HPs)
             Began as a Mummy Monk on Feb 16, 2016.
             Slain by a goblin
             ... wielding a +0 dagger
              (2 damage)
             ... on level 2 of the Dungeon.
             The game lasted 00:04:43 (3462 turns).

M4edhros the Insei (Mummy Monk)                     Turns: 3462, Time: 00:04:44

Health: -1/35      AC:  0    Str: 14    XL:     4   Next: 54%
Magic:  4/4        EV: 13    Int:  9    God:
Gold:   93         SH:  0    Dex: 15    Spells: 0 memorised, 3 levels left

rFire  x . .     SeeInvis .       - Unarmed
rCold  + . .     Gourm    .     (no armour)
rNeg   + + +     Faith    .     (no shield)
rPois  ∞         Spirit   .     (no helmet)
rElec  .         Dismiss  .     (no cloak)
rCorr  .         Reflect  .     (no gloves)
SustAt .         Harm     .     (no boots)
MR     .....                    (no amulet)
Stlth  ++........               (no ring)
                                (no ring)

@: not resistant to hostile enchantments, unstealthy
A: no food or potions, fire vulnerability, cold resistance 1, negative energy
resistance 3, torment resistance, unbreathing
a: no special abilities


You were on level 2 of the Dungeon.
You were not hungry.

You visited 1 branch of the dungeon, and saw 3 of its levels.

You collected 93 gold pieces.

Inventory:

Scrolls
 a - 3 scrolls of immolation {unknown}
 b - a scroll of fog {unknown}
 c - a scroll of identify {unknown}
 d - a scroll of remove curse {unknown}


   Skills:
 - Level 3.0 Fighting
 - Level 2.4 Dodging
 + Level 3.3 Stealth
 + Level 4.1 Unarmed Combat


You had 3 spell levels left.
You didn't know any spells.

Dungeon Overview and Level Annotations

Branches:
Dungeon (3/15)

Altars:
Trog

Annotations:
D:2 Natasha; Robin
D:3 Empheia's ghost, amateur DrTm


Innate Abilities, Weirdness & Mutations

You do not eat or drink.
Your flesh is vulnerable to fire.
You are immune to poison.
Your flesh is cold resistant.
You are immune to negative energy.
You are immune to unholy pain and torment.
You can survive without breathing.


Message History

You completely miss Robin.
Robin is heavily wounded.
The kobold closely misses you. The goblin hits you with a dagger.
* * * LOW HITPOINT WARNING * * *
The goblin misses you. Robin throws the goblin at you!
The goblin hits you with a dagger.
* * * LOW HITPOINT WARNING * * *
You closely miss the goblin.
The goblin is severely wounded.
The kobold misses you. The goblin completely misses you.
You closely miss the goblin.
The goblin is severely wounded.
The kobold closely misses you. The goblin hits you with a dagger.
* * * LOW HITPOINT WARNING * * *
You closely miss the goblin.
The goblin is severely wounded.
Robin roars a battlecry!
The goblin goes into a battle-frenzy!
The kobold barely misses you. The goblin hits you with a dagger.
You die...

..h.........'.. #...........".#..
#################.............#..
..............................#..
##############................#..
#.#..............'..
##.##.............#..
##...##............'..
##....@##...........#..
###########.....gK#...........#..
#.........)..._..g............#..
'.........#.......#############..
#........###.....## ##.
#........####...## ##
#........##.##.##
#........##....# #.)......##.####


You could see Robin, a goblin (frenzied) and a kobold.

Vanquished Creatures
  2 adders (D:2)
  A worm (D:2)
  2 giant geckos (D:2)
  A ball python (D:2)
  8 giant cockroaches
  20 goblins
  10 hobgoblins
  6 jackals (D:1)
  4 kobolds (D:2)
  8 bats (D:1)
  3 giant newts
  4 rats
69 creatures vanquished.

Notes
Turn   | Place    | Note
--------------------------------------------------------------
     0 | D:1      | M4edhros the Mummy Monk began the quest for the Orb.
     0 | D:1      | Reached XP level 1. HP: 18/18 MP: 1/1
   246 | D:1      | Reached XP level 2. HP: 24/24 MP: 2/2
  1001 | D:1      | Reached XP level 3. HP: 20/29 MP: 3/3
  1550 | D:2      | Found a bloodstained altar of Trog.
  2018 | D:2      | Reached XP level 4. HP: 12/35 MP: 4/4
  2317 | D:2      | Reached skill level 4 in Unarmed Combat
  2423 | D:2      | Noticed Natasha
  2820 | D:2      | Noticed Robin
  3334 | D:3      | Noticed Empheia's ghost (amateur DrTm)
  3461 | D:2      | HP: 1/35 [goblin/dagger (2)]
  3462 | D:2      | Slain by a goblin

Vault maps used:
D:1:      lightli_arrival_flooded_house
D:2:      lemuel_round_altar, amethyst_overflow_temple_binary, uniq_robin,
          uniq_natasha
D:3:      old_standard_altar, first_bread, uniq_grinder

Action                   |  1- 3 |  4- 6 || total
-------------------------+-------+-------++-------
Melee: Unarmed           |   178 |    83 ||   261
 Stab: Sleeping          |     3 |     1 ||     4
